 Dungeon Crawl Stone Soup version 0.17.1-1-g73c8601 (webtiles) character file.

467 JustSomeDude the Insei (level 6, -2/50 HPs)
             Began as a Demonspawn Monk on Jan 5, 2016.
             Slain by Blork the orc
             ... wielding a +0 glaive
              (10 damage)
             ... on level 4 of the Dungeon.
             The game lasted 00:06:39 (2514 turns).

JustSomeDude the Insei (Demonspawn Monk)            Turns: 2514, Time: 00:06:39

Health: -2/50      AC: 10    Str: 12    XL:     6   Next: 81%
Magic:  0/6        EV:  7    Int: 11    God:
Gold:   119        SH:  0    Dex: 17    Spells: 0 memorised, 5 levels left

rFire  . . .     SeeInvis .       - Unarmed
rCold  . . .     Clarity  .     k - +0 chain mail
rNeg   . . .     SustAt   .     (no shield)
rPois  .         Gourm    .     (no helmet)
rElec  .         Spirit   +     (no cloak)
rCorr  .         Warding  .     (no gloves)
rMut   .         Stasis   .     (no boots)
MR     .....                    (no amulet)
Stlth  ..........               (no ring)
                                (no ring)

@: not resistant to hostile enchantments, extremely unstealthy
A: rugged brown scales 2, spiny 1, magic shield, magic regeneration
a: no special abilities


You were on level 4 of the Dungeon.
You were not hungry.

You visited 1 branch of the dungeon, and saw 4 of its levels.

You collected 119 gold pieces.

Inventory:

Missiles
 j - a throwing net (quivered)
Armour
 k - a +0 chain mail (worn)
Jewellery
 f - a cursed amulet of inaccuracy {unknown}
Wands
 c - a wand of slowing (7)
Scrolls
 a - a scroll of fear {unknown}
 d - 2 scrolls of identify {unknown}
 e - a scroll of immolation {unknown}
 g - a scroll of magic mapping {unknown}
 i - 2 scrolls of enchant weapon
Potions
 h - a potion of cancellation {unknown}
Comestibles
 b - a bread ration


   Skills:
 + Level 4.3 Fighting
 + Level 2.1 Armour
 + Level 4.3 Dodging
 + Level 2.7 Stealth
 + Level 5.0 Unarmed Combat


You had 5 spell levels left.
You didn't know any spells.

Dungeon Overview and Level Annotations

Branches:
Dungeon (4/15)
 Temple: D:4-7

Altars:
Elyvilon
Okawaru
Trog
The Shining One

Annotations:
D:4 Blork the orc


Innate Abilities, Weirdness & Mutations

You are mostly covered in rugged brown scales (AC +2, +5% HP).
You are partially covered in sharp spines.
When hurt, damage is shared between your health and your magic reserves.
You regenerate magic rapidly.


Message History

Blork the orc hits you with a glaive.
You closely miss Blork the orc.
Blork the orc is moderately wounded.
Blork the orc is struck by your spines. Blork the orc hits you with a glaive.
* * * LOW HITPOINT WARNING * * *
You are too injured to fight recklessly!
You are too injured to fight recklessly!
You are too injured to fight recklessly!
You are too injured to fight recklessly!
Your chain mail prevents you from hitting Blork the orc.
Blork the orc is heavily wounded.
Blork the orc is struck by your spines. Blork the orc hits you with a glaive!
* * * LOW HITPOINT WARNING * * *
You closely miss Blork the orc.
Blork the orc is severely wounded.
Blork the orc completely misses you.
You hit Blork the orc but do no damage.
Blork the orc is severely wounded.
Blork the orc is struck by your spines. Blork the orc hits you with a glaive!
You die...

###........# .##
#........#
...#####........#
................#
................#
................#
.....#..........#
........#########
.⌠.⌠.#.@#
.......o#
.....#..#
.._......
.....#...
.......#.# .⌠.⌠
#. .# ... .. .#


You could see Blork the orc.

Vanquished Creatures
  Sigmund (D:2)
  The ghost of JustSomeDude the Insei, an amateur DsMo (D:3)
  Terence (D:3)
  A worker ant (D:4)
  3 gnolls (D:3)
  7 adders
  An ooze (D:4)
  An adder skeleton (D:4)
  2 worms
  2 giant geckos
  6 orcs (D:3)
  9 bats
  2 giant cockroaches
  8 goblins
  3 hobgoblins
  5 jackals
  A quokka (D:2)
  2 ball pythons
  3 giant newts
  7 kobolds
  13 rats
79 creatures vanquished.

Notes
Turn   | Place    | Note
--------------------------------------------------------------
     0 | D:1      | JustSomeDude the Demonspawn Monk began the quest for the Orb.
     0 | D:1      | Reached XP level 1. HP: 18/18 MP: 1/1
   269 | D:1      | Gained mutation: When hurt, damage is shared between your health and your magic reserves. [demonic ancestry]
   269 | D:1      | Reached XP level 2. HP: 22/24 MP: 2/2
   699 | D:1      | Reached skill level 4 in Unarmed Combat
   782 | D:2      | Noticed Sigmund
  1067 | D:3      | Gained mutation: You are partially covered in rugged brown scales (AC +1, +3% HP). [demonic ancestry]
  1067 | D:3      | Reached XP level 3. HP: 23/29 MP: 3/3
  1200 | D:3      | Noticed Terence
  1228 | D:3      | Killed Terence
  1464 | D:3      | Noticed JustSomeDude's ghost (amateur DsMo)
  1479 | D:4      | Gained mutation: You are partially covered in sharp spines. [demonic ancestry]
  1479 | D:4      | Reached XP level 4. HP: 36/36 MP: 4/4
  1658 | D:2      | Killed Sigmund
  1658 | D:2      | Reached skill level 1 in Armour
  1658 | D:2      | Gained mutation: You regenerate magic rapidly. [demonic ancestry]
  1658 | D:2      | Reached XP level 5. HP: 21/43 MP: 5/5
  1658 | D:2      | Gained mutation: You are mostly covered in rugged brown scales (AC +2, +5% HP). [demonic ancestry]
  1658 | D:2      | Reached XP level 6. HP: 21/50 MP: 6/6
  1931 | D:2      | Found a glowing golden altar of the Shining One.
  2092 | D:3      | Killed JustSomeDude's ghost
  2124 | D:3      | Reached skill level 5 in Unarmed Combat
  2303 | D:3      | Found a bloodstained altar of Trog.
  2309 | D:3      | Found an iron altar of Okawaru.
  2500 | D:4      | Noticed Blork the orc
  2502 | D:4      | Found a white marble altar of Elyvilon.
  2514 | D:4      | Slain by Blork the orc

Action                   |  1- 3 |  4- 6 || total
-------------------------+-------+-------++-------
Melee: Unarmed           |   115 |   118 ||   233
Throw: Throwing net      |       |     1 ||     1
  Use: Potion            |     2 |     3 ||     5
       Scroll            |     5 |       ||     5
 Stab: Sleeping          |     4 |       ||     4
  Eat: Royal jelly       |     1 |       ||     1
       Chunk             |       |     2 ||     2
       Bread ration      |       |     1 ||     1
